 Dungeon Crawl Stone Soup version 0.31-a0-691-g409c26aa35 (webtiles) character file.

Game seed: 14551456475185881847

28 qw the Shooter (level 3, 0/21 HPs)
             Began as a Gargoyle Hunter on Sept 6, 2023.
             Slain by a kobold
             ... wielding a +2 dagger of freezing
              (1 damage)
             ... on level 2 of the Dungeon.
             The game lasted 00:00:18 (709 turns).

qw the Shooter (Gargoyle Hunter)                     Turns: 709, Time: 00:00:19

Health: 0/21       AC:  7    Str: 14    XL:     3   Next: 14%
Magic:  3/3        EV: 11    Int:  9    God:
Gold:   64         SH:  0    Dex: 15    Spells: 2/2 levels left

rFire   . . .        Y - +0 shortbow
rCold   . . .        (shield currently unavailable)
rNeg    + . .        c - +0 leather armour
rPois   inf          (no helmet)
rElec   +            f - +0 cloak
rCorr   .            (no gloves)
SInv    .            (no boots)
Will    .....        (no amulet)
Stlth   ++           (no ring)
HPRegen 0.23/turn    (no ring)
MPRegen 0.08/turn

%: no passive effects
@: no status effects
A: sickness immunity, AC +3, negative energy resistance 1, electricity
resistance, torment resistance 1, petrification resistance
a: no special abilities


You were on level 2 of the Dungeon.
You visited 1 branch of the dungeon, and saw 2 of its levels.

You collected 64 gold pieces.


Innate Abilities, Weirdness & Mutations

You are immune to sickness and miasma.
Your stone body is resilient. (AC +3)
You are immune to poison.
You resist negative energy. (rN+)
You are resistant to electric shocks. (rElec)
You are resistant to unholy torment.
You are immune to petrification.


   Skills:
 + Level 2.2 Fighting
 - Level 5.0 Ranged Weapons
 - Level 1.5 Dodging
 - Level 1.1 Stealth


You had 2 spell levels left.
You didn't know any spells.
Your spell library was empty.

Inventory:

Hand Weapons
 Y - a +0 shortbow (weapon)
Armour
 c - a +0 leather armour (worn)
 f - a +0 cloak (worn)
Jewellery
 a - a ring of protection from cold
Potions
 d - a potion of might {unknown}

Dungeon Overview and Level Annotations

Branches:
Dungeon (2/15)

Altars:


Message History

Your Ranged Weapons skill increases to level 5!
A goblin comes into view. It is wielding a +0 dagger.
You shoot an arrow.
The arrow hits the goblin but does no damage.
The goblin shouts!
You hear a shout!
You shoot an arrow. The arrow barely misses the goblin.
You shoot an arrow. The arrow barely misses the goblin.
You shoot an arrow. The arrow hits the goblin!
You kill the goblin!
A kobold comes into view. It is wielding a +2 dagger of freezing.
The kobold shouts!
Things that are here:
a +0 dagger; a goblin corpse You shoot an arrow.
The arrow hits the kobold but does no damage.
The kobold hits you but does no damage. The kobold closely misses you.
You shoot an arrow.
The arrow hits the kobold but does no damage.
The kobold hits you but does no damage.
You shoot an arrow. The arrow closely misses the kobold.
The kobold hits you with a +2 dagger of freezing.
The kobold freezes you.
You shoot an arrow. The arrow barely misses the kobold.
The kobold hits you with a +2 dagger of freezing.
The kobold freezes you.
You shoot an arrow. The arrow hits the kobold.
The kobold is moderately wounded.
The kobold hits you with a +2 dagger of freezing.
The kobold freezes you.
You shoot an arrow. The arrow misses the kobold.
The kobold hits you with a +2 dagger of freezing.
The kobold freezes you.
You shoot an arrow. The arrow closely misses the kobold.
The kobold hits you with a +2 dagger of freezing.
The kobold freezes you. The kobold barely misses you.
You shoot an arrow. The arrow closely misses the kobold.
The kobold hits you with a +2 dagger of freezing.
The kobold freezes you.
You die...

## .. ######## #.
#......# #.
#.####.#
#.#K#######.####.#
#...@..........#.#
#....#######.##.#.#
....... #.##.#.#
..#...# #......# #
##.# ####.### #.
#...# # #...# #...#
##.##


You could see a kobold.

Vanquished Creatures
  3 ball pythons (D:1)
  4 bats
  4 endoplasms (D:1)
  2 giant cockroaches (D:1)
  4 goblins
  2 hobgoblins (D:1)
  2 jackals (D:1)
  A quokka (D:1)
  A rat (D:1)
23 creatures vanquished.

Notes
Turn   | Place    | Note
-------+----------+-------------------------------------------
     0 | D:1      | qw the Gargoyle Hunter began the quest for the Orb.
     0 | D:1      | Reached XP level 1. HP: 12/12 MP: 1/1
     0 | D:1      | 0 ||| qw: Version: 0.3-a-76-g4403597
     0 | D:1      | 0 ||| qw: Game counter: 39
     0 | D:1      | 0 ||| qw: Melee chars always use a shield: true
     0 | D:1      | 0 ||| qw: God list: Okawaru
     0 | D:1      | 0 ||| qw: Allow faded altars: false
     0 | D:1      | 0 ||| qw: Do Orc after clearing Dungeon:15 true
     0 | D:1      | 0 ||| qw: Do second Lair branch before Depths: true
     0 | D:1      | 0 ||| qw: Lair rune preference: random
     0 | D:1      | 0 ||| qw: Goals: Normal
     0 | D:1      | 0 ||| PLANNING D:1-11
    91 | D:1      | Reached XP level 2. HP: 17/17 MP: 2/2
   297 | D:1      | Reached XP level 3. HP: 18/21 MP: 3/3
   498 | D:1      | 498 ||| UPGRADING to +0 cloak.
   503 | D:1      | 503 ||| READING scroll labelled MAEZIE GINE.
   518 | D:1      | 518 ||| READING scroll labelled FURIAGR YMUS.
   619 | D:1      | 619 ||| READING scroll labelled POCKEN MUMYATS.
   620 | D:1      | 620 ||| DROPPING scroll of butterflies.
   671 | D:2      | Reached skill level 5 in Ranged Weapons
   708 | D:2      | HP: 3/21 [kobold/+2 dagger of freezing (4)]
   708 | D:2      | HP: 1/21 [kobold/+2 dagger of freezing (2)]
   709 | D:2      | Slain by a kobold

Levels and vault maps discovered:
D:1:      lightli_arrival_isolated_outpost, layout_basic
D:2:      layout_loops_corners, serial_shops, nicolae_shop_drivethru,
          mrwooster_statue_mirror, minmay_fractal_squares_gapless_5

Skill      XL: |  1  2  3 |
---------------+----------+-----
Ranged Weapons | 5 |  5.0
Fighting       | |  2.2
Dodging        | |  1.5
Stealth        | |  1.1

Action                     || total
---------------------------++-------
   Fire: Shortbow          ||    77
    Use: Scroll            ||     3
 Armour: Leather armour    ||    23
  Dodge: Dodged            ||    17

Table legend:
 A = Non-vault XP
 B = Vault XP
 C = Vault XP percentage of total XP
 D = Non-vault monster count
 E = Vault monster count
 F = Vault count percentage of total count
                 A         B        C        D         E       F
            +---------+---------+-------+---------+---------+-------
      Total |      41 |       0 |   0.0 |      23 |       0 |   0.0
            +---------+---------+-------+---------+---------+-------
        D:1 |      36 |       0 |   0.0 |      20 |       0 |   0.0
        D:2 |       5 |       0 |   0.0 |       3 |       0 |   0.0
            +---------+---------+-------+---------+---------+-------
